 Dungeon Crawl Stone Soup version 0.29-a0-344-ge2f44be95a (webtiles) character file.

Game seed: 7921643271847159111

74 sokol815 the Chopper (level 4, -6/29 HPs)
             Began as an Octopode Gladiator on Apr 21, 2022.
             Mangled by Pikel
             ... wielding a +2 whip of flaming
              (12 damage)
             ... on level 4 of the Dungeon.
             The game lasted 00:03:17 (2514 turns).

sokol815 the Chopper (Octopode Gladiator)           Turns: 2514, Time: 00:03:17

Health: -6/29      AC:  1    Str: 13    XL:     4   Next: 28%
Magic:  13/13      EV: 13    Int: 12    God:
Gold:   202        SH:  0    Dex: 13    Spells: 3/3 levels left

rFire   . . .      SeeInvis .   a - +0 war axe (vorpal)
rCold   . . .      Faith    .   (no shield)
rNeg    . . .      Spirit   .   b - +0 hat
rPois   .          Reflect  .   (no amulet)
rElec   .          Harm     .   j - ring of magical power {MP+9}
rCorr   .          Rampage  .   (no ring)
Will    .....                   (no ring)
Stlth   ++........              (no ring)
HPRegen 0.09/turn               (no ring)
MPRegen 0.13/turn               (no ring)
                                (no ring)
                                (no ring)

@: hasted, very quick
A: almost no armour, amphibious, 8 rings, camouflage 1, gelatinous body 1,
(nimble swimmer 1), tentacles
a: no special abilities


You were on level 4 of the Dungeon.
You visited 1 branch of the dungeon, and saw 4 of its levels.

You collected 202 gold pieces.

Inventory:

Hand Weapons
 a - a +0 vorpal war axe (weapon)
Missiles
 c - 3 throwing nets {!d}
 d - 3 javelins
 f - 3 poisoned darts
 s - 120 stones
Armour
 b - a +0 hat (worn)
Jewellery
 j - a ring of magical power (left tentacle) {MP+9}
   (You found it on level 2 of the Dungeon)
Scrolls
 h - a scroll of amnesia {unknown}
 X - a scroll of magic mapping {@r4!r}
 Y - a scroll of teleportation {@r3}
Potions
 J - a potion of curing {@q1}
 N - a potion of heal wounds {@q2}


   Skills:
 - Level 2.0 Fighting
 + Level 5.0 Axes
 - Level 2.0 Throwing
 - Level 3.0 Dodging


You had 3 spell levels left.
You didn't know any spells.
Your spell library contained the following spells:

 Spells                   Type           Power      Damage    Failure   Level
 Summon Ice Beast         Ice/Summ       0%         N/A       97%         4
 Yara's Violent Unravell  Hex/Tmut       0%         3d3       100%        5
 Enfeeble                 Hex            0%         N/A       100%        7


Dungeon Overview and Level Annotations

Branches:
Dungeon (4/15)
 Temple: D:4-7

Altars:

Annotations:
D:4 Pikel


Innate Abilities, Weirdness & Mutations

You cannot wear most types of armour.
You are amphibious.
You can wear up to eight rings at the same time.
Your skin changes colour to match your surroundings (Stealth+).
Your rubbery body absorbs attacks. (AC +1, EV +1)
((You are camouflaged when in or above water. (Stealth+)))
You have tentacles for arms and can constrict up to eight enemies at once.


Message History

There is a stone staircase leading down here.
You climb downwards.
The kobold shouts!
There is a stone staircase leading up here.
A kobold is nearby!
The kobold throws a stone.
The stone barely misses you. The kobold hits you with a +0 dagger.
You take 1 damage, and have 28/29 hp.
You hit the kobold.
You kill the kobold!
No target in view!
No target in view!
s - 120 stones (gained 5)
You see here a +0 dagger.
Health restored: 29
Y - a scroll of teleportation {@r3} You open the door.
There is an open door here.
You open the door.
There is an open door here.
You open the door.
Found a stone staircase leading down.
Okay, then.
There is an open door here.
An endoplasm comes into view.
An endoplasm is nearby!
The helpless endoplasm fails to defend itself.
You hit the endoplasm but do no damage. The endoplasm freezes you.
You are frozen.
You take 5 damage, and have 24/29 hp.
You hit the endoplasm. You squeeze the endoplasm.
You kill the endoplasm!
No target in view!
No target in view!
There is an open door here.
As you open the door, it creaks loudly!
Health restored: 29
Found a stone staircase leading up.
There is an open door here.
No target in view!
There is a stone staircase leading up here.
You now have 182 gold pieces (gained 5).
There is a stone staircase leading up here.
You open the door.
There is an open door here.
You open the door.
There is an open door here.
There is an open door here.
You now have 202 gold pieces (gained 20).
You open the door.
There is an open door here.
You open the door.
There is an open door here.
h - a scroll labelled YQAIQIC CIGRACK No target in view!
You open the door.
There is an open door here.
A lemure comes into view.
Found a stone staircase leading down.
The lemure shouts!
Pikel and 2 lemures come into view.
Pikel is wielding a +2 whip of flaming.
It was a potion of heal wounds.
You feel much better.
N - a potion of heal wounds It was a potion of haste.
You feel yourself speed up.
Pikel shouts!
A lemure comes into view.
The lemure barely misses you.
The lemure shouts!
The lemure shouts!
You barely miss the lemure. You grab the lemure.
Your squeeze misses the lemure. You slash Pikel!
You constrict the lemure, but do no damage.
Pikel hits you with a +2 whip of flaming.
Pikel burns you. The lemure misses you.
You take 2 damage, and have 27/29 hp.
You barely miss Pikel. Your grab misses Pikel. You squeeze Pikel!
You closely miss the lemure. You hit the lemure. You constrict the lemure.
Pikel misses you. The lemure closely misses you. x2
You hit Pikel. Your grab misses Pikel. You hit the lemure.
You barely miss the lemure. You constrict the lemure.
Pikel hits you with a +2 whip of flaming!
Pikel burns you. The lemure hits you. The lemure closely misses you.
You take 12 damage, and have 15/29 hp.
MASSIVE DAMAGE!!
You hit Pikel. Your grab misses Pikel. You hit the lemure but do no damage.
You hit the lemure. x2; You constrict the lemure.
Pikel completely misses you. The lemure hits you. The lemure hits you!
* * * LOW HITPOINT WARNING * * *
The lemure barely misses you.
You take 9 damage, and have 6/29 hp.
MASSIVE DAMAGE!!
You barely miss Pikel. Your grab misses Pikel.
You squeeze Pikel, but do no damage. You hit the lemure but do no damage.
You closely miss the lemure. You barely miss the lemure.
You hit the lemure but do no damage.
You constrict the lemure, but do no damage.
Pikel hits you with a +2 whip of flaming!
You die...

....#......#......#
....#......#......#
....#......'......#
....#......#......#
....#......#......#
....#......#....:.#
....#......#......#
....#......#...5..#
....########...5@.#
...............K55#
..................#
...............>..#
...................
....................
....##############...
....# ... ....#


You could see Pikel and 4 lemures.

Vanquished Creatures
  2 adders
  A worm (D:3)
  3 dart slugs
  3 bats
  5 endoplasms
  A giant cockroach (D:2)
  4 goblins
  4 hobgoblins
  4 jackals (D:3)
  2 quokkas (D:3)
  3 ball pythons
  3 frilled lizards
  4 kobolds
  5 rats
44 creatures vanquished.

Notes
Turn   | Place    | Note
-------+----------+-------------------------------------------
     0 | D:1      | sokol815 the Octopode Gladiator began the quest for the
                  | Orb.
     0 | D:1      | Reached XP level 1. HP: 14/14 MP: 1/1
   232 | D:1      | Reached XP level 2. HP: 19/19 MP: 2/2
   333 | D:1      | Found a faded altar of an unknown god.
  1035 | D:2      | Reached skill level 4 in Axes
  1035 | D:2      | Reached XP level 3. HP: 22/24 MP: 3/3
  1920 | D:3      | Reached XP level 4. HP: 29/29 MP: 4/4
  1938 | D:3      | Got Sif Muna's Tome of Bewitchment and the Frostbite
  2172 | D:3      | Reached skill level 5 in Axes
  2503 | D:4      | Noticed a lemure
  2504 | D:4      | Noticed Pikel
  2504 | D:4      | Noticed a lemure
  2504 | D:4      | Noticed a lemure
  2507 | D:4      | Noticed a lemure
  2513 | D:4      | HP: 6/29 [lemure[Pikel] (7)]
  2514 | D:4      | Mangled by Pikel

Illustrated notes

Levels and vault maps discovered:
D:1:      dpeg_arrival_tiny_c, layout_basic,
          hellmonk_ecumenical_altar_pennies_from_heaven
D:2:      layout_loops_cross, chequers_arboretum
D:3:      layout_rooms, grunt_ministairs_3
D:4:      layout_gridville, uniq_ijyb, uniq_grinder, uniq_pikel

Skill      XL: |  1  2  3  4 |
---------------+-------------+-----
Axes           | 4 5 |  5.0
Fighting       | |  2.0
Throwing       | |  2.0
Dodging        | |  3.0

Action                   |  1- 3 |  4- 6 || total
-------------------------+-------+-------++-------
Melee: War axe           |    50 |    18 ||    68
       Constrict         |    13 |     3 ||    16
       Tentacles         |    11 |     6 ||    17
       Punch             |       |     1 ||     1
Throw: Javelin           |     1 |       ||     1
  Use: Scroll            |     7 |       ||     7
       Potion            |       |     2 ||     2
 Stab: Sleeping          |     2 |     4 ||     6
Armor: Skin              |     1 |       ||     1
Dodge: Dodged            |    36 |    12 ||    48

Table legend: (Time is in decaauts)
 A = Elapsed time spent in this place.
 B = Non-inter-level travel time spent in this place.
 C = Inter-level travel time spent in this place.
 D = Time resting spent in this place.
 E = Time spent auto-exploring this place.
 F = Levels seen in this place.
 G = Mean time per level.
                   A        B        C        D        E       F      G
               +--------+--------+--------+--------+--------+-----+--------+
         Total |   2530 |   2480 |     50 |     54 |   2147 |   4 |  632.5 |
       Dungeon |   2530 |   2480 |     50 |     54 |   2147 |   4 |  632.5 |
               +--------+--------+--------+--------+--------+-----+--------+

Top non-repeatable levels by time:
     D:1: 823 daAuts
     D:3: 753 daAuts
     D:2: 696 daAuts
     D:4: 257 daAuts

Table legend:
 A = Kills in this place as a percentage of kills in entire the game.
 B = Kills by you in this place as a percentage of kills by you in the entire game.
 C = Kills by friends in this place as a percentage of kills by friends in the entire game.
 D = Other kills in this place as a percentage of other kills in the entire game.
 E = Experience gained in this place as a percentage of experience gained in the entire game.
 F = Experience gained in this place divided by the number of levels of this place that you have seen.
                   A       B       C       D       E      F
               +-------+-------+-------+-------+-------+----------------------
         Total | 100.0 | 100.0 |   N/A |   N/A | 100.0 |  26.5
       Dungeon | 100.0 | 100.0 |   N/A |   N/A | 100.0 |  26.5
               +-------+-------+-------+-------+-------+----------------------
